 Dungeon Sprint DCSS version 0.26-a0-690-gcb57259078 (webtiles) character file.

Game seed: 15773218058327419820

12033 mhtbhm the Fencer (level 11, -6/114 HPs)
             Began as a Minotaur Fighter on Oct 23, 2020.
             Was the Champion of Trog.
             Killed by divine providence
             ... invoked by an orc priest
              (17 damage)
             ... in the Dungeon (Sprint IX: "|||||||||||||||||||||||||||||").
             The game lasted 00:04:31 (1571 turns).

mhtbhm the Fencer (Minotaur Fighter)                Turns: 1571, Time: 00:04:32

Health: -6/114     AC: 18    Str: 26    XL:     11   Next: 57%
Magic:  10/10      EV: 15    Int:  8    God:    Trog [******]
Gold:   1278       SH: 14    Dex: 11    Spells: 10/10 levels left

rFire    . . .     SeeInvis .   a - +5 scimitar (vorpal)
rCold    + . .     Faith    .   c - +0 kite shield
rNeg     . . .     Spirit   .   b - +4 scale mail {rC+}
rPois    .         Reflect  .   (helmet restricted)
rElec    .         Harm     .   u - +0 cloak
rCorr    .         Rampage  .   o - +0 pair of gloves
MR       .....     NoTele   +   n - +0 pair of boots
Stlth    ..........             (no amulet)
HPRegen  0.29/turn              p - +3 ring of intelligence
MPRegen  0.12/turn              q - +3 ring of strength

@: berserk cooldown, slowed, lightly drained, very slow
A: retaliatory headbutt, horns 2
a: Berserk, Trog's Hand, Brothers in Arms, Renounce Religion


You were in the Dungeon.
You worshipped Trog.
Trog was exalted by your worship.
You visited 1 branch You collected 1278 gold pieces.

Inventory:

Hand Weapons
 a - a +5 vorpal scimitar (weapon)
Armour
 b - a +4 scale mail of cold resistance (worn)
 c - a +0 kite shield (worn)
 n - a +0 pair of boots (worn)
 o - a +0 pair of gloves (worn)
 u - a +0 cloak (worn)
Jewellery
 p - a +3 ring of intelligence (left hand)
 q - a +3 ring of strength (right hand)
Wands
 m - a wand of iceblast (7)
 t - a wand of digging (5)
Scrolls
 j - a scroll of blinking
 l - 7 scrolls of remove curse
 r - a scroll of fog
 s - 2 scrolls of enchant armour
Potions
 d - a potion of might
 e - 5 potions of curing
 f - 7 potions of heal wounds
 g - 2 potions of haste
 h - 4 potions of magic
 i - a potion of berserk rage
 k - a potion of invisibility


   Skills:
 + Level 15.8(15.4) Fighting
 + Level 18.6(18.1) Long Blades
 + Level 13.0(12.6) Armour
 + Level 10.4(10.0) Dodging
 + Level 1.1(0.8) Stealth
 + Level 16.1(15.6) Shields
 + Level 1.8(1.5) Evocations


You had 10 spell levels left.
You didn't know any spells.
Your spell library was empty.

Dungeon Overview and Level Annotations

Branches:
Dungeon (1/1)

Altars:
Cheibriados
Dithmenos
Elyvilon
Fedhas
Gozag
Hepliaklqana
Kikubaaqudgha
Makhleb
Nemelex Xobeh
Okawaru
Qazlal
Ru
Sif Muna
Trog
Uskayaw
Vehumet
Wu Jian
Xom
Yredelemnul
Zin
The Shining One
Beogh
Jiyva
Lugonu

Shops:
D *[?:


Innate Abilities, Weirdness & Mutations

You reflexively headbutt those who attack you in melee.
You have a pair of horns on your head.


Message History

The orc high priest prays to Beogh.
Send 'em back where they came from!
Trog shields your ally from puny magic!
Your cyclops closely misses the orc high priest.
Items here: $ ) [ †.
The orc high priest mumbles some strange prayers to Beogh against you.
Beogh smites you!
* * * LOW HITPOINT WARNING * * *
Your cyclops closely misses the orc high priest.
The orc high priest hits your cyclops with a +0 long sword.
The orc priest invokes the aid of Beogh against you.
Beogh smites you!
* * * LOW HITPOINT WARNING * * *
Your cyclops barely misses the orc high priest.
Things that are here:
a +0 hand axe; 50 gold pieces Your cyclops barely misses the orc high priest.
The orc priest mumbles some strange prayers to Beogh against you.
Beogh smites you!
You die...

▓▓▓▓▓▓▓▓▓▓▓▓▓▓▓▓▓▓▓▓▓▓▓▓▓▓▓
∩.∩ooooC))@$)......))))))).
▓▓▓▓▓▓▓▓▓▓▓▓▓▓▓▓▓▓▓▓▓▓▓▓▓▓▓▓▓▓▓▓▓
.......))....(....)..............
▓▓▓▓▓▓▓▓▓▓▓▓▓▓▓▓▓▓▓▓▓▓▓▓▓▓▓▓▓▓▓▓▓
[...'.[.(......†††.)...††.†'†....
▓▓▓▓▓▓▓▓▓▓▓▓▓▓▓▓▓▓▓▓▓▓▓▓▓▓▓▓▓▓▓▓▓
.................................
▓▓▓▓▓▓▓▓▓▓▓▓▓▓▓▓▓▓▓▓▓▓▓▓▓▓▓▓▓▓▓▓▓
'......†...[..)?.'_______________


You could see an orc high priest, 3 orc priests and a friendly cyclops
(summoned, berserk).

Vanquished Creatures
  Harold (D)
  Erolcha (D)
  2 hydras (D)
  A two-headed ogre (D)
  2 orc high priests (D)
  4 orc knights (D)
  An elephant (D)
  Joseph (D)
  2 black mambas (D)
  3 cane toads (D)
  A blink frog (D)
  2 yaks (D)
  2 basilisks (D)
  2 wargs (D)
  4 hell hounds (D)
  3 water moccasins (D)
  A black bear (D)
  A sky beast (D)
  8 orc warriors (D)
  2 wolves (D)
  3 bullfrogs (D)
  A killer bee (D)
  11 orc priests (D)
  3 hounds (D)
  3 orc wizards (D)
  An iguana (D)
  2 worker ants (D)
  An adder (D)
  An ufetubus (D)
  A dart slug (D)
  A leopard gecko (D)
  7 orcs (D)
  A bat zombie (D)
  A goblin (D)
  A kobold (D)
  A leopard gecko skeleton (D)
  A rat (D)
84 creatures vanquished.

Notes
Turn   | Place    | Note
-------+----------+-------------------------------------------
     0 | D        | mhtbhm the Minotaur Fighter began the quest for the Orb.
     0 | D        | Reached XP level 1. HP: 19/19 MP: 0/0
    10 | D        | Banished a spatial maelstrom
    23 | D        | Reached XP level 2. HP: 28/28 MP: 1/1
   135 | D        | Reached skill level 5 in Fighting
   135 | D        | Reached skill level 3 in Long Blades
   135 | D        | Reached skill level 5 in Armour
   135 | D        | Reached skill level 5 in Shields
   135 | D        | Reached XP level 3. HP: 28/36 MP: 2/2
   142 | D        | Reached skill level 4 in Long Blades
   143 | D        | Reached XP level 4. HP: 35/44 MP: 3/3
   150 | D        | Reached skill level 5 in Long Blades
   157 | D        | Found a roughly hewn altar of Beogh.
   157 | D        | Found a snail-covered altar of Cheibriados.
   157 | D        | Found a shadowy altar of Dithmenos.
   157 | D        | Found a white marble altar of Elyvilon.
   157 | D        | Found a blossoming altar of Fedhas.
   157 | D        | Found an opulent altar of Gozag.
   158 | D        | Found a hazy altar of Hepliaklqana.
   159 | D        | Found a viscous altar of Jiyva.
   160 | D        | Found an ancient bone altar of Kikubaaqudgha.
   161 | D        | Found a corrupted altar of Lugonu.
   162 | D        | Found a burning altar of Makhleb.
   163 | D        | Found a sparkling altar of Nemelex Xobeh.
   164 | D        | Found an iron altar of Okawaru.
   165 | D        | Found a stormy altar of Qazlal.
   166 | D        | Found a sacrificial altar of Ru.
   167 | D        | Found a shimmering blue altar of Sif Muna.
   168 | D        | Found a bloodstained altar of Trog.
   169 | D        | Found a hide-covered altar of Uskayaw.
   170 | D        | Found a radiant altar of Vehumet.
   171 | D        | Found an ornate altar of the Wu Jian Council.
   174 | D        | Found a shimmering altar of Xom.
   175 | D        | Found a basalt altar of Yredelemnul.
   176 | D        | Found a glowing silver altar of Zin.
   177 | D        | Found a glowing golden altar of the Shining One.
   178 | D        | Became a worshipper of Trog the Wrathful
   273 | D        | Noticed a bullfrog
   273 | D        | Noticed a sky beast
   286 | D        | Killed a sky beast
   286 | D        | Reached skill level 7 in Long Blades
   286 | D        | Reached skill level 1 in Dodging
   286 | D        | Reached XP level 5. HP: 43/53 MP: 4/4
   289 | D        | Reached * piety under Trog
   289 | D        | Reached skill level 8 in Long Blades
   292 | D        | Reached XP level 6. HP: 49/62 MP: 5/5
   300 | D        | Reached ** piety under Trog
   300 | D        | Reached skill level 9 in Long Blades
   359 | D        | Noticed a two-headed ogre
   359 | D        | Noticed an orc warrior
   359 | D        | Noticed a basilisk
   371 | D        | Killed a basilisk
   371 | D        | Reached skill level 10 in Long Blades
   381 | D        | Killed a two-headed ogre
   381 | D        | Reached skill level 10 in Fighting
   381 | D        | Reached skill level 12 in Long Blades
   381 | D        | Reached skill level 10 in Shields
   381 | D        | Reached XP level 7. HP: 73/73 MP: 6/6
   381 | D        | Reached XP level 8. HP: 81/81 MP: 7/7
   389 | D        | Reached *** piety under Trog
   566 | D        | Noticed a cane toad
   566 | D        | Noticed a black mamba
   566 | D        | Noticed a cane toad
   572 | D        | Killed a cane toad
   572 | D        | Reached skill level 13 in Long Blades
   572 | D        | Reached skill level 10 in Armour
   578 | D        | Noticed a seven-headed hydra
   579 | D        | Killed a black mamba
   579 | D        | Reached skill level 5 in Dodging
   585 | D        | Reached **** piety under Trog
   585 | D        | Reached skill level 14 in Long Blades
   585 | D        | Reached XP level 9. HP: 89/89 MP: 8/8
   593 | D        | Killed a cane toad
   607 | D        | Killed a 12-headed hydra
   607 | D        | Reached skill level 15 in Long Blades
   615 | D        | Reached ***** piety under Trog
   616 | D        | Received a gift from Trog
   870 | D        | Noticed a cane toad
   870 | D        | Noticed a black mamba
   872 | D        | Noticed an elephant
   873 | D        | Killed a black mamba
   877 | D        | Noticed a five-headed hydra
   879 | D        | Reached skill level 16 in Long Blades
   881 | D        | Killed a cane toad
   881 | D        | Reached XP level 10. HP: 101/101 MP: 9/9
   888 | D        | Killed an elephant
   894 | D        | Killed a ten-headed hydra
   894 | D        | Reached skill level 1 in Evocations
   983 | D        | Received a gift from Trog
   985 | D        | Reached skill level 17 in Long Blades
  1064 | D        | Noticed Erolcha
  1073 | D        | Killed Erolcha
  1073 | D        | Received a gift from Trog
  1081 | D        | Noticed Harold
  1096 | D        | Killed Harold
  1096 | D        | Reached XP level 11. HP: 98/111 MP: 3/10
  1122 | D        | Noticed Joseph
  1137 | D        | Killed Joseph
  1137 | D        | Reached ****** piety under Trog
  1137 | D        | Reached skill level 1 in Stealth
  1231 | D        | Received a gift from Trog
  1240 | D        | Noticed an orc knight
  1263 | D        | Killed an orc knight
  1266 | D        | Received a gift from Trog
  1393 | D        | Noticed an orc knight
  1393 | D        | Noticed an orc knight
  1396 | D        | Reached skill level 15 in Shields
  1404 | D        | Killed an orc knight
  1404 | D        | Reached skill level 15 in Fighting
  1405 | D        | Noticed an orc knight
  1407 | D        | Reached skill level 18 in Long Blades
  1417 | D        | Killed an orc knight
  1427 | D        | Received a gift from Trog
  1439 | D        | Killed an orc knight
  1439 | D        | Reached skill level 10 in Dodging
  1528 | D        | Found Gehes's Book Boutique.
  1529 | D        | Noticed an orc high priest
  1532 | D        | Noticed an orc high priest
  1533 | D        | Found Toxoxoxzal's Magic Scroll Shop.
  1535 | D        | Noticed an orc high priest
  1536 | D        | Received a gift from Trog
  1537 | D        | Found Wysour's Antique Armour Boutique.
  1541 | D        | Killed an orc high priest
  1542 | D        | Found Irodohi's Assorted Antiques.
  1546 | D        | Killed an orc high priest
  1547 | D        | Noticed a soul eater
  1571 | D        | Killed from afar by an orc priest

Illustrated notes

Levels and vault maps discovered:
D:        linesprint [early_d, line_temple, items_1, d_10, items_2, lair_1,
          lair_end, items_3, orc_1, orc_end, items_4, d_15, swamp_1, shoals_1,
          snake_1, spider_1, d_20, vaults_1, items_5, swamp_end, shoals_end,
          snake_end, spider_end, vaults_end, d_27, items_6, zot_1, zot_end,
          crypt_end, forest_end, elf_end, slime_end, tomb_end, abyss_end,
          pan_hell_end]

Skill      XL: |  1  2  3  4  5  6  7  8  9 10 11 |
---------------+----------------------------------+-----
Fighting       | 4 5 6 8 10 11 13 14 15 | 15.8
Armour         | 4 5 7 9 10 11 12 13 | 13.0
Shields        | 4 5 6 7 8 10 11 12 14 16 | 16.1
Long Blades    | 3 4 7 8 12 14 16 17 18 | 18.6
Dodging        | 1 4 5 7 9 10 | 10.4
Evocations     | 1 |  1.8
Stealth        | 1 |  1.1

Action                   |  1- 3 |  4- 6 |  7- 9 | 10-12 || total
-------------------------+-------+-------+-------+-------++-------
Melee: Long sword        |    33 |     7 |       |       ||    40
       Headbutt          |     7 |     8 |     9 |    47 ||    71
       Scimitar          |       |    39 |    53 |   143 ||   235
       Falchion          |       |       |     9 |    33 ||    42
Invok: Berserk           |       |     1 |     2 |     4 ||     7
       Brothers in Arms  |       |       |       |     1 ||     1
Evoke: Wand              |       |       |     2 |     1 ||     3
  Use: Potion            |       |       |     1 |     3 ||     4
       Scroll            |       |       |     1 |       ||     1
Armor: Scale mail        |    16 |     2 |    20 |    15 ||    53
       Ring mail         |       |    13 |     2 |       ||    15
Dodge: Dodged            |     9 |    16 |    20 |    33 ||    78
Block: Kite shield       |    11 |    22 |    38 |    65 ||   136
       Rpst.: Long sword |     1 |     1 |       |       ||     2
       Scimitar          |       |     3 |     1 |     7 ||    11
       Falchion          |       |       |     1 |     3 ||     4

Table legend: (Time is in decaauts)
 A = Elapsed time spent in this place.
 B = Non-inter-level travel time spent in this place.
 C = Inter-level travel time spent in this place.
 D = Time resting spent in this place.
 E = Time spent auto-exploring this place.
 F = Levels seen in this place.
 G = Mean time per level.
                   A        B        C        D        E       F      G
               +--------+--------+--------+--------+--------+-----+--------+
         Total |   1549 |   1549 |      0 |    719 |    135 |   1 | 1549.0 |
       Dungeon |   1549 |   1549 |      0 |    719 |    135 |   1 | 1549.0 |
               +--------+--------+--------+--------+--------+-----+--------+

Top non-repeatable levels by time:
       D: 1549 daAuts
